 Dungeon Crawl Stone Soup version 0.20-a0-11-ga97c7b5 (webtiles) character file.

864 smee the Chopper (level 7, -14/76 HPs)
             Began as a Demonspawn Fighter on Nov 2, 2016.
             Was a Follower of Qazlal.
             Killed from afar by Pikel (24 damage)
             ... with a wand of lightning
             ... on level 6 of the Dungeon.
             The game lasted 00:10:55 (5115 turns).

smee the Chopper (Demonspawn Fighter)               Turns: 5115, Time: 00:10:56

Health: -14/76     AC: 23    Str: 23 (24) XL:     7   Next: 72%
Magic:  7/7        EV:  2    Int:  9      God:    Qazlal [*.....]
Gold:   269        SH: 11    Dex: 10 (12) Spells: 0 memorised, 6 levels left

rFire  . . .     SeeInvis .     a - +0 war axe
rCold  . . .     Gourm    .     (armour currently unavailable)
rNeg   + + +     Faith    .     c - +1 shield
rPois  +         Spirit   .     (helmet currently unavailable)
rElec  .         Reflect  .     (cloak currently unavailable)
rCorr  .         Harm     .     (gloves currently unavailable)
MR     .....     NoTele   +     (boots currently unavailable)
Stlth  +.........               j - amulet of regeneration
                                (no ring)
                                (no ring)

@: mighty, tree-form
A: (beak), (talons 0), (iridescent scales 0), (cold resistance 0), demonic
guardian 1, frail 1
a: Renounce Religion


You were on level 6 of the Dungeon.
You worshipped Qazlal.
Qazlal was aware of your devotion.
You were hungry.
You were a tree.
You visited 2 branches of the dungeon, and saw 7 of its levels.

You collected 269 gold pieces.

Inventory:

Hand Weapons
 a - a +0 war axe (weapon)
Armour
 b - a +0 scale mail (melded)
 c - a +1 shield (worn)
Jewellery
 e - an uncursed ring of protection from fire {unknown}
 f - an uncursed ring of magical power {unknown}
 j - an amulet of regeneration (around neck)
 o - an uncursed amulet of guardian spirit
 y - a cursed -3 ring of intelligence {unknown}
Wands
 x - a wand of polymorph (7/24)
Scrolls
 h - 2 scrolls of identify
 m - 2 scrolls of enchant armour
 r - a scroll of recharging
 t - 2 scrolls of remove curse
Potions
 n - 2 potions of agility
 s - a potion of cure mutation
Comestibles
 k - a meat ration
 l - 4 beef jerkies
 q - 2 chunks of flesh
 u - a royal jelly
 v - 2 slices of pizza
 w - 3 bread rations


   Skills:
 + Level 5.6 Fighting
 + Level 5.8 Axes
 + Level 4.0 Armour
 - Level 1.6 Dodging
 - Level 2.6 Shields


You had 6 spell levels left.
You didn't know any spells.

Dungeon Overview and Level Annotations

Branches:
Dungeon (6/15)             Temple (1/1) D:4

Altars:
Ashenzari
Cheibriados
Dithmenos
Elyvilon
Fedhas
Gozag
Kikubaaqudgha
Nemelex Xobeh
Okawaru
Qazlal
Ru
Sif Muna
Trog
Vehumet
Xom
Yredelemnul
Zin

Annotations:
D:6 Pikel


Innate Abilities, Weirdness & Mutations

((You have sharp toenails.))
((You are partially covered in iridescent scales. (AC +2)))
((Your flesh is very cold resistant. (rC++)))
A weak demonic guardian rushes to your aid.
((You have a beak for a mouth.))
You are frail. (-10% HP)


Message History

You feel aware of your surroundings.
You sensed 1 altar.
It was a scroll of magic mapping.
The leopard gecko skeleton bites you but does no damage.
You barely miss the leopard gecko skeleton.
The leopard gecko skeleton is moderately damaged.
The leopard gecko skeleton bites you but does no damage.
The phantom blinks!
You slash the leopard gecko skeleton!
You destroy the leopard gecko skeleton!
Qazlal accepts your kill.
You closely miss Pikel.
Pikel is heavily wounded.
Pikel drinks a potion.
Pikel is healed!
You slice Pikel!!
Pikel is heavily wounded.
Your shadow imp barely misses Pikel.
Pikel hits you but does no damage.
You closely miss Pikel.
Pikel is heavily wounded.
Your shadow imp hits Pikel.
Pikel zaps a wand.
The bolt of lightning hits you!
You die...

****,,,,,*.,,,,* #.#####+*,*
,,,+,,,,,*#.,,,* #.......,,*
****,,,,,*#.####*#.......,.*
*,,,,,*#.....##.........******
*******#.....##.....,...*,,,,,
*#.W..##...,,....*,**** *******
#....##.###.....*,* ,,,,,,*
#....5KWp..%....*,**** ,,,,,,*
#....♣#p........*,,,,, ,,,,,,*
#...[.#pK§.##.[.*****, ,,,,,,*
#.....#....#*,,.* *, ,,,,,,*
##'##[#....#*,,,*****, ,,,.,,*
#..#.#....#*,,,,,,,,, ,,,..,*
##.#.#.#)..,,,******,
,,,...########.#.#.#....,,* *,
,,,..............#.#.....,******,
,,,..................,,,,,,,,,,,,


You could see Pikel, 2 phantoms, a slave and a friendly shadow imp.

Vanquished Creatures
  A centaur (D:5)
  A crimson imp (D:5)
  2 jellies (D:5)
  3 orc wizards (D:3)
  An orc priest (D:4)
  2 centaur skeletons (D:4)
  An iguana (D:4)
  6 worker ants
  A hound skeleton (D:4)
  8 adders
  3 gnolls (D:5)
  2 oozes
  2 adder skeletons
  4 worms
  A dart slug (D:4)
  5 leopard geckos
  10 orcs
  2 ball pythons (D:1)
  5 bats
  6 giant cockroaches
  5 goblins
  5 hobgoblins
  15 jackals
  10 kobolds
  6 quokkas
  5 frilled lizards
  A leopard gecko skeleton (D:6)
  10 rats
123 creatures vanquished.

Vanquished Creatures (collateral kills)
  2 slaves (D:6)
  A scorpion (D:5)
  A howler monkey (D:3)
  An orc priest (D:3)
  An orc wizard (D:3)
  2 orcs (D:3)
8 creatures vanquished.

Vanquished Creatures (others)
  An ooze (D:1)
  A plant (D:1)
2 creatures vanquished.

Grand Total: 133 creatures vanquished

Notes
Turn   | Place    | Note
-------+----------+-------------------------------------------
     0 | D:1      | smee the Demonspawn Fighter began the quest for the Orb.
     0 | D:1      | Reached XP level 1. HP: 18/18 MP: 1/1
   112 | D:1      | Gained mutation: A weak demonic guardian rushes to your aid. [demonic ancestry]
   112 | D:1      | Reached XP level 2. HP: 20/24 MP: 2/2
   694 | D:1      | Gained mutation: Your flesh is cold resistant. (rC+) [demonic ancestry]
   694 | D:1      | Reached XP level 3. HP: 28/29 MP: 3/3
  1105 | D:2      | Reached skill level 1 in Dodging
  1440 | D:2      | Gained mutation: You have sharp toenails. [demonic ancestry]
  1440 | D:2      | Reached XP level 4. HP: 35/35 MP: 4/4
  1645 | D:2      | Found a sacrificial altar of Ru.
  1645 | D:2      | Found a glowing silver altar of Zin.
  2147 | D:3      | Reached XP level 5. HP: 36/41 MP: 5/5
  2753 | D:3      | Gained mutation: You are partially covered in iridescent scales. (AC +2) [demonic ancestry]
  2753 | D:3      | Reached XP level 6. HP: 12/48 MP: 6/6
  3117 | D:3      | Gained mutation: Your flesh is very cold resistant. (rC++) [potion of mutation]
  3117 | D:3      | Gained mutation: You have a beak for a mouth. [potion of mutation]
  3117 | D:3      | Gained mutation: You are frail. (-10% HP) [potion of mutation]
  3430 | D:4      | Reached skill level 5 in Axes
  3606 | D:4      | Found a staircase to the Ecumenical Temple.
  3628 | Temple   | Entered the Ecumenical Temple
  3692 | Temple   | Became a worshipper of Qazlal Stormbringer
  4132 | D:4      | Reached XP level 7. HP: 49/49 MP: 7/7
  4186 | D:5      | Entered Level 5 of the Dungeon
  4186 | D:5      | Found a sparkling altar of Nemelex Xobeh.
  4241 | D:5      | Reached skill level 5 in Fighting
  4534 | D:5      | Reached * piety under Qazlal
  5096 | D:6      | Noticed Pikel
  5105 | D:6      | HP: 2/51 [Pikel/wand of lightning (18)]
  5115 | D:6      | Killed from afar by Pikel

Vault maps used:
D:1:      dpeg_arrival_snail, lexackson_kobold_supper
D:2:      minmay_wonky_spiral, chequers_temple_overflow_statue_of_worship
D:3:      first_bread
D:5:      nemelex_xobeh_ov_fountains_minmay, serial_bayou_ford_a
D:6:      dancing_weapons_uskayaw, uniq_pikel
Temple:   zaba_magenta_temple

Skill      XL: |  1  2  3  4  5  6  7 |
---------------+----------------------+-----
Axes           | 2 3 4 5 |  5.8
Dodging        | 1 |  1.6
Fighting       | 4 5 |  5.6
Armour         | 3 4 |  4.0
Shields        | |  2.6

Action                   |  1- 3 |  4- 6 |  7- 9 || total
-------------------------+-------+-------+-------++-------
Melee: War axe           |   147 |   275 |   132 ||   554
       Kick              |       |    74 |    27 ||   101
       Peck              |       |    11 |    15 ||    26
  Use: Scroll            |       |     6 |     3 ||     9
       Potion            |       |     6 |     2 ||     8
  Eat: Bread ration      |       |     1 |       ||     1
       Chunk             |       |     4 |     1 ||     5
       Meat ration       |       |     1 |       ||     1
Armor: Scale mail        |   102 |   128 |    60 ||   290
       Skin              |       |       |     3 ||     3
Dodge: Dodged            |    60 |    96 |    33 ||   189
Block: Shield            |    81 |   140 |    67 ||   288
